 Dungeon Crawl Stone Soup version 0.29.1-12-g30fa7ad0bf (webtiles) character file.

Game seed: 13700392276958820043

26 xian the Gusty (level 2, -7/19 HPs)
             Began as a Demonspawn Air Elementalist on Jan 16, 2023.
             Mangled by Crazy Yiuf
             ... wielding a +3 quarterstaff of chaos
              (16 damage)
             ... on level 2 of the Dungeon.
             The game lasted 00:02:49 (1562 turns).

xian the Gusty (Demonspawn Air Elementalist)        Turns: 1562, Time: 00:02:52

Health: -7/19      AC:  3    Str:  8    XL:     2   Next: 89%
Magic:  0/5        EV: 12    Int: 22    God:
Gold:   135        SH:  0    Dex: 13    Spells: 2/5 levels left

rFire   . . .      SeeInvis .   c - +0 spear
rCold   . . .      Faith    .   (no shield)
rNeg    . . .      Spirit   .   a - +0 robe
rPois   .          Reflect  .   (no helmet)
rElec   .          Harm     .   e - +0 cloak
rCorr   .          Rampage  .   (no gloves)
Will    .....                   (no boots)
Stlth   ++........              (no amulet)
HPRegen 0.06/turn               m - +6 ring of intelligence
MPRegen 0.09/turn               (no ring)

@: no status effects
A: demonic guardian 1
a: no special abilities


You were on level 2 of the Dungeon.
You visited 1 branch of the dungeon, and saw 2 of its levels.

You collected 161 gold pieces.
You spent 26 gold pieces at shops.

Inventory:

Hand Weapons
 c - a +0 spear (weapon)
Armour
 a - a +0 robe (worn)
 e - a +0 cloak (worn)
Jewellery
 m - a +6 ring of intelligence (left hand)
Scrolls
 d - a scroll of fog {unknown}
 i - a scroll of poison
 j - 2 scrolls of teleportation {unknown}
Potions
 b - a potion of magic
 f - a potion of might {unknown}
 g - a potion of attraction {unknown}
 h - a potion of degeneration {unknown}
 k - 2 potions of mutation {unknown}
 l - a potion of curing {unknown}


   Skills:
 + Level 0.1 Polearms
 + Level 1.8 Dodging
 + Level 2.1 Stealth
 + Level 2.3 Spellcasting
 + Level 1.2 Conjurations
 + Level 3.1 Air Magic


You had 2 spell levels left.
You knew the following spells:

 Your Spells              Type           Power      Damage    Failure   Level
a - Shock                 Conj/Air       48%        1d6       5%          1
b - Static Discharge      Conj/Air       12%        3-5/arc   9%          2

Your spell library contained the following spells:

 Spells                   Type           Power      Damage    Failure   Level
 Swiftness                Air            16%        N/A       11%         3
 Airstrike                Air            8%         2d(2-18)  36%         4


Dungeon Overview and Level Annotations

Branches:
Dungeon (2/15)

Altars:

Shops:
D:1 [?*

Annotations:
D:2 Crazy Yiuf


Innate Abilities, Weirdness & Mutations

A weak demonic guardian rushes to your aid.


Message History

Unknown command.
You open the door.
Crazy Yiuf shouts!
Crazy Yiuf whimpers, "Tonal noodlescoop Xom!"
There is an open translucent door here.
Crazy Yiuf laughs, "Pitchfork mobile song!"
Crazy Yiuf hits you with a +3 quarterstaff of chaos.
You feel your power leaking away.
Casting: Shock (safe; 5% risk of failure)
Confirm with . or Enter, or press ? or * to list all spells.
You don't know that spell.
Casting: Shock (safe; 5% risk of failure)
Confirm with . or Enter, or press ? or * to list all spells.
Crazy Yiuf is struck by an arc of lightning.
Crazy Yiuf is moderately wounded.
You are struck by an arc of lightning.
The lightning grounds out.
Crazy Yiuf completely misses you.
Unknown command.
Casting: Static Discharge (safe; 9% risk of failure)
Confirm with . or Enter, or press ? or * to list all spells.
You don't have enough magic to cast this spell.
That beam is likely to hit you.
Continue anyway?
Okay, then.
Aiming: Shock (safe; 5% risk of failure)
Press: ? - help, Q - select action, (/) - cycle Shift-Dir - straight line, f/p - Crazy Yiuf
Aim: Crazy Yiuf, wielding a +3 quarterstaff of chaos and wearing a +2 cloak (moderately wounded, 72% to hit)
That beam is likely to hit you.
Continue anyway?
Okay, then.
Aiming: Shock (safe; 5% risk of failure)
Press: ? - help, Q - select action, (/) - cycle Shift-Dir - straight line, f/p - Crazy Yiuf
Aim: Crazy Yiuf, wielding a +3 quarterstaff of chaos and wearing a +2 cloak (moderately wounded, 72% to hit)
That beam is likely to hit you.
Continue anyway?
The zap hits Crazy Yiuf but does no damage.
Crazy Yiuf is moderately wounded.
The zap hits Crazy Yiuf.
Crazy Yiuf is heavily wounded.
The zap hits you.
Crazy Yiuf hits you with a +3 quarterstaff of chaos!
Ouch! That really hurt!
You die...

########♣♣♣♣♣
..........♣.♣♣♣#####
###.#......♣..♣#...#
#.......♣♣♣♣.'@g.#
###....♣♣ ♣♣#..)#
####♣♣ #####


You could see Crazy Yiuf.

Vanquished Creatures
  An adder (D:2)
  A dart slug (D:1)
  An endoplasm (D:1)
  A giant cockroach (D:1)
  A hobgoblin (D:1)
  4 kobolds
  3 ball pythons
  4 bats (D:1)
  A goblin (D:1)
17 creatures vanquished.

Notes
Turn   | Place    | Note
-------+----------+-------------------------------------------
     0 | D:1      | xian the Demonspawn Air Elementalist began the quest for
                  | the Orb.
     0 | D:1      | Reached XP level 1. HP: 13/13 MP: 3/3
   335 | D:1      | Found Gefa Ali's Assorted Antiques.
   460 | D:1      | Gained mutation: A weak demonic guardian rushes to your
                  | aid. [demonic ancestry]
   460 | D:1      | Reached XP level 2. HP: 19/19 MP: 3/5
   473 | D:1      | Reached skill level 3 in Air Magic
   631 | D:1      | Found a faded altar of an unknown god.
   940 | D:1      | Found Geydghom's Magic Scroll Shop.
   943 | D:1      | Bought a scroll of identify for 26 gold pieces
  1084 | D:1      | Found Sisaki Titi's Armour Shoppe.
  1551 | D:2      | Found a runed translucent door.
  1552 | D:2      | Noticed Crazy Yiuf
  1557 | D:2      | Learned a level 2 spell: Static Discharge
  1562 | D:2      | Mangled by Crazy Yiuf

Illustrated notes

Levels and vault maps discovered:
D:1:      roderic_crop_circles_arrival_small, layout_basic, serial_shops,
          nicolae_shop_hallway_stairs, nicolae_shop_waterfront,
          nicolae_shop_hallway_stairs, shapermc_ecumenical_altar_ellora
D:2:      minmay_diamond_boxcup, layout_basic, uniq_crazy_yiuf_cottage,
          uniq_jessica

Skill      XL: |  1  2 |
---------------+-------+-----
Air Magic      | 3 |  3.1
Stealth        | 2 |  2.1
Polearms       | |  0.1
Dodging        | |  1.8
Spellcasting   | |  2.3
Conjurations   | |  1.2

Action                   || total
-------------------------++-------
Melee: Spear             ||    21
 Cast: Shock             ||    39
       Static Discharge  ||     1
  Use: Scroll            ||     1
Armor: Robe              ||    15
Dodge: Dodged            ||    25
